 Dungeon Crawl Stone Soup version 0.31.0-11-ge490571c62 (webtiles) character file.

Game seed: 9551716605000013246

8 browni3141 the Conjurer (level 2, 19/19 HPs)
             Began as a Demonspawn Conjurer on Jan 30, 2024.
             Got out of the dungeon alive.
             The game lasted 00:00:17 (252 turns).

browni3141 the Conjurer (Demonspawn Conjurer)        Turns: 252, Time: 00:00:18

Health: 19/19      AC:  2    Str:  7    XL:     2   Next: 0%
Magic:  5/5        EV: 12    Int: 18    God:
Gold:   10         SH:  0    Dex: 11    Spells: 4/5 levels left

rFire   . . .        (no weapon)
rCold   . . .        (no shield)
rNeg    . . .        a - +0 robe
rPois   .            (helmet restricted)
rElec   .            (no cloak)
rCorr   .            (no gloves)
SInv    .            (no boots)
Will    .....        (no amulet)
Stlth   ++           (no ring)
HPRegen 0.23/turn    (no ring)
MPRegen 0.09/turn

%: no passive effects
@: no status effects
A: horns 1
a: no special abilities


You escaped.
You visited 1 branch of the dungeon, and saw 1 of its levels.

You collected 10 gold pieces.

Inventory:

Armour
 a - a +0 robe (worn)
Scrolls
 c - a scroll of identify {unknown}
Potions
 b - a potion of magic


   Skills:
 + Level 2.0 Dodging
 + Level 2.0 Stealth
 + Level 2.1 Spellcasting
 + Level 4.1 Conjurations


You had 4 spell levels left.
You knew the following spells:

 Your Spells              Type           Power      Damage    Failure   Level
a - Magic Dart            Conj           64%        1d6       3%          1

Your spell library contained the following spells:

 Spells                   Type           Power      Damage    Failure   Level
 Searing Ray              Conj           32%        2d5       4%          2
 Fulminant Prism          Conj/Alch      4%         3d5       58%         4
 Iskenderun's Mystic Bla  Conj/Tloc      9%         2d4       58%         4


Dungeon Overview and Level Annotations

Branches:
Dungeon (1/15)

Altars:


Innate Abilities, Weirdness & Mutations

You have a pair of small horns on your head.


Message History

The dart slug is lightly wounded.
You hit the dart slug but do no damage.
The dart slug is lightly wounded.
The dart slug bites you but does no damage.
The magic dart hits the dart slug.
The dart slug is moderately wounded.
The dart slug bites you.
The magic dart hits the dart slug.
The dart slug is heavily wounded.
The magic dart hits the dart slug.
The dart slug is severely wounded.
The dart slug barely misses you.
You are out of magic!
You are out of magic!
You are out of magic!
You are out of magic!
Unknown command.
You barely miss the dart slug.
The dart slug is severely wounded.
The dart slug barely misses you.
You hit the dart slug but do no damage.
The dart slug is severely wounded.
You hit the dart slug but do no damage.
The dart slug is severely wounded.
The dart slug completely misses you.
You hit the dart slug.
The dart slug is severely wounded.
The dart slug barely misses you.
You hit the dart slug.
The dart slug is almost dead.
The dart slug barely misses you.
You hit the dart slug but do no damage.
The dart slug is almost dead.
You hit the dart slug.
The dart slug is almost dead.
The dart slug bites you.
You hit the dart slug but do no damage.
The dart slug is almost dead.
The dart slug bites you.
You hit the dart slug but do no damage.
The dart slug is almost dead.
You hit the dart slug but do no damage.
The dart slug is almost dead.
The dart slug bites you but does no damage.
You hit the dart slug.
You kill the dart slug!
You see here a dart slug corpse.
HP restored.
Magic restored.
An endoplasm comes into view.
An endoplasm is nearby!
An endoplasm is nearby!
You miscast Magic Dart.
You are very lightly contaminated with residual magic.
Nothing appears to happen.
The magic dart hits the endoplasm.
The endoplasm is almost dead.
The endoplasm quivers.
The magic dart hits the endoplasm.
You kill the endoplasm!
You are out of magic!
Your magical contamination has completely faded away. 2 goblins come into view.
The goblin shouts! x2; You hear a shout! x2
There are monsters nearby!
There are monsters nearby!
The magic dart hits the goblin.
You kill the goblin!
The magic dart hits the goblin.
You kill the goblin!
You can't see any susceptible monsters within range! (Use Z to cast anyway.)
You can't see any susceptible monsters within range! (Use Z to cast anyway.)
You can't see any susceptible monsters within range! (Use Z to cast anyway.)
A goblin comes into view. It is wielding a +0 club.
A goblin is nearby!
A goblin is nearby!
The magic dart hits the goblin.
You kill the goblin!
Your Stealth skill increases to level 2!
You are out of magic!
You are out of magic!
A goblin comes into view. It is wielding a +0 club.
A goblin is nearby!
A goblin is nearby!
You are out of magic!
You are out of magic!
You are out of magic!
The magic dart hits the goblin.
You kill the goblin!
Your Dodging skill increases to level 2!
A kobold comes into view. It is wielding a +0 short sword.
A kobold is nearby!
A kobold is nearby!
The magic dart hits the kobold.
You kill the kobold!
You have reached level 2!
Your demonic ancestry asserts itself...
A pair of horns grows on your head!
There is a staircase leading out of the dungeon here.
You have escaped!

.......##...(.........#..
######.##..............# .
#.##..............#..
#..#...............#
#..........#.......#
#.##......#........# #.#
#.##......#.#......# #.#
#.##.....#..#......# #.#
#.##.....#.@.#.....# #.#
#.##.....#...[.....# #.#
#.##.....#........#.. #.#
#.##......#.......# . #.#
#.##......#......#..
#.####..........#...##....
#................###......
###.###.#....^...........
###.###.#...............


There were no monsters in sight!

Vanquished Creatures
  A dart slug (D:1)
  An endoplasm (D:1)
  4 goblins (D:1)
  A kobold (D:1)
7 creatures vanquished.

Notes
Turn   | Place    | Note
-------+----------+-------------------------------------------
     0 | D:1      | browni3141 the Demonspawn Conjurer began the quest for the
                  | Orb.
     0 | D:1      | Reached XP level 1. HP: 13/13 MP: 3/3
   226 | D:1      | Gained mutation: You have a pair of small horns on your
                  | head. [demonic ancestry]
   226 | D:1      | Reached XP level 2. HP: 19/19 MP: 3/5
   252 | D:$      | Got out of the dungeon alive.

Illustrated notes

Levels and vault maps discovered:
D:1:      dpeg_arrival_solitude, layout_loops_ring, serial_shops, shop,
          minivault_26, minmay_pentomino_z4

Skill      XL: |  1 |
---------------+----+-----
Stealth        | 2 |  2.0
Dodging        | 2 |  2.0
Spellcasting   | |  2.1
Conjurations   | |  4.1

Action                     || total
---------------------------++-------
  Melee: Unarmed           ||    13
   Cast: Magic Dart        ||    10
 Armour: Robe              ||     5
  Dodge: Dodged            ||     6
